 Dungeon Crawl Stone Soup version 0.23-a0-650-ga4d50d4 (webtiles) character file.

341 4thArraOfDagon the Skirmisher (level 6, -5/47 HPs)
             Began as a Mummy Warper on Jan 2, 2019.
             Was a Believer of Yredelemnul.
             Shot with an arrow by a centaur (8 damage)
             ... on level 6 of the Dungeon.
             The game lasted 00:08:05 (4438 turns).

4thArraOfDagon the Skirmisher (Mummy Warper)        Turns: 4438, Time: 00:08:06

Health: -5/47      AC:  6    Str: 14    XL:     6   Next: 30%
Magic:  10/10      EV: 11    Int: 14    God:    Yredelemnul [**....]
Gold:   107        SH:  0    Dex: 12    Spells: 5/10 levels left

rFire    . . .     SeeInvis .   a - +0 falchion
rCold    + . .     Gourm    .   (no shield)
rNeg     + + +     Faith    .   g - +0 ring mail
rPois    ∞         Spirit   .   n - +0 helmet
rElec    .         Reflect  .   (no cloak)
rCorr    .         Harm     .   (no gloves)
MR       .....                  (no boots)
Stlth    +.........             (no amulet)
HPRegen  0.15/turn              i - ring of protection from fire
MPRegen  0.12/turn              p - ring of positive energy

@: no status effects
A: no food or potions, fire vulnerability, cold resistance 1, negative energy
resistance 3, torment resistance, unbreathing
a: Animate Remains, Recall Undead Slaves, Injury Mirror, Renounce Religion


You were on level 6 of the Dungeon.
You worshipped Yredelemnul.
Yredelemnul was pleased with you.
You were not hungry.

You visited 1 branch of the dungeon, and saw 6 of its levels.

You collected 107 gold pieces.

Inventory:

Hand Weapons
 a - a +0 falchion (weapon)
Missiles
 e - a tomahawk of dispersal (quivered)
 m - 2 tomahawks
Armour
 b - a +0 leather armour
 g - a +0 ring mail (worn)
 n - a +0 helmet (worn)
Jewellery
 i - a ring of protection from fire (left hand)
 p - a ring of positive energy (right hand)
Scrolls
 c - 2 scrolls of teleportation {unknown}
 d - 2 scrolls of blinking
 f - 4 scrolls of remove curse
 h - a scroll of enchant armour {unknown}
 j - 4 scrolls of identify {unknown}
 k - a scroll of amnesia {unknown}
 l - 2 scrolls of enchant weapon {unknown}
 o - a scroll of noise {unknown}


   Skills:
 + Level 3.2 Fighting
 - Level 3.0 Long Blades
 - Level 0.7 Throwing
 + Level 2.2 Armour
 + Level 3.0 Dodging
 - Level 2.6 Spellcasting
 - Level 2.4 Translocations
 + Level 2.1 Invocations


You had 5 spell levels left.
You knew the following spells:

 Your Spells              Type           Power        Failure   Level  Hunger
a - Blink                 Tloc           N/A          24%         2    N/A
b - Lesser Beckoning      Tloc           #.........   43%         3    N/A

Your spell library contained the following spells:

 Spells                   Type           Power        Failure   Level  Hunger
 Shroud of Golubria       Chrm/Tloc      #.........   38%         2    N/A
 Gell's Gravitas          Tloc           #.........   43%         3    N/A
 Teleport Other           Tloc           #.......     43%         3    N/A
 Passage of Golubria      Tloc           N/A          85%         4    N/A

Dungeon Overview and Level Annotations

Branches:
Dungeon (6/15)
 Temple: D:4-7

Altars:
Cheibriados
Hepliaklqana
Nemelex Xobeh
Okawaru
Qazlal
Ru
Wu Jian
Yredelemnul

Annotations:
D:3 1 runed door
D:5 Grinder


Innate Abilities, Weirdness & Mutations

You do not eat or drink.
Your flesh is vulnerable to fire.
You are immune to poison.
Your flesh is cold resistant. (rC+)
You are immune to negative energy. (rN+++)
You are immune to unholy pain and torment.
You can survive without breathing.


Message History

You throw a tomahawk of dispersal.
The tomahawk of dispersal hits the centaur.
The centaur blinks!
The centaur is almost dead.
The leopard gecko bites you but does no damage.
The centaur wields a +0 shortbow.
The centaur shoots an arrow.
The arrow hits you.
* * * LOW HITPOINT WARNING * * *
The leopard gecko bites you but does no damage.
The leopard gecko closely misses you.
Unknown command.
Throwing (i - inventory. (/) - cycle)
e - 2 tomahawks of dispersal (quivered)
Press: ? - help, Shift-Dir - straight line, f/p - centaur
Aim: a centaur, wielding a +0 shortbow (almost dead)
You throw a tomahawk of dispersal.
The tomahawk of dispersal hits the centaur but does no damage.
The centaur is almost dead.
The centaur shoots an arrow.
The arrow hits you!
You die...
Yredelemnul claims you as an undead slave.

## #.. ... #.# ....# #.#
###. .# ..######.###...)
##.# #.##............
#..# #.#.............
####.####..<..((ll......
.......##.......@w......
...(....#...............
...>....................
..............c.........
.............##.###.....
)............##.# #...#
...#...###.#..... ....
######## #..###.#. .##
##.. #.#


You could see a centaur, a worm and 2 leopard geckos.

Vanquished Creatures
  A centaur zombie (D:3)
  4 worker ants
  Robin (D:2)
  3 gnolls (D:4)
  7 adders
  4 worms
  4 dart slugs
  A leopard gecko (D:2)
  10 orcs
  2 giant cockroaches (D:3)
  16 goblins
  5 hobgoblins
  7 jackals
  4 quokkas
  5 bats
  5 frilled lizards
  A jackal skeleton (D:4)
  8 kobolds
  4 rats
92 creatures vanquished.

Notes
Turn   | Place    | Note
-------+----------+-------------------------------------------
     0 | D:1      | 4thArraOfDagon the Mummy Warper began the quest for the
                  | Orb.
     0 | D:1      | Reached XP level 1. HP: 16/16 MP: 4/4
   435 | D:2      | Reached skill level 1 in Armour
   513 | D:2      | Reached XP level 2. HP: 17/22 MP: 5/5
   526 | D:2      | Learned a level 2 spell: Blink
   617 | D:2      | Noticed Robin
   881 | D:2      | Found a stormy altar of Qazlal.
   944 | D:2      | Reached XP level 3. HP: 23/27 MP: 7/7
   949 | D:2      | Learned a level 3 spell: Lesser Beckoning
  1087 | D:2      | Found a sparkling altar of Nemelex Xobeh.
  1317 | D:3      | Found a basalt altar of Yredelemnul.
  1462 | D:3      | Found a hazy altar of Hepliaklqana.
  1500 | D:3      | Became a worshipper of Yredelemnul the Dark
  1563 | D:3      | Reached XP level 4. HP: 24/33 MP: 8/8
  1575 | D:3      | Found a snail-covered altar of Cheibriados.
  1625 | D:3      | Found an iron altar of Okawaru.
  1634 | D:3      | Found a sacrificial altar of Ru.
  2143 | D:3      | Found an iron altar of Okawaru.
  2171 | D:3      | Reached skill level 1 in Invocations
  2201 | D:3      | Found a runed door.
  2386 | D:2      | Reached XP level 5. HP: 17/39 MP: 9/9
  2433 | D:2      | Found a faded altar of an unknown god.
  2440 | D:2      | Reached * piety under Yredelemnul
  2573 | D:2      | Killed Robin
  3706 | D:4      | Found an ornate altar of the Wu Jian Council.
  3897 | D:4      | Reached XP level 6. HP: 44/47 MP: 10/10
  4402 | D:5      | Entered Level 5 of the Dungeon
  4402 | D:5      | Noticed Grinder
  4402 | D:5      | Noticed a sky beast
  4406 | D:6      | Reached ** piety under Yredelemnul
  4438 | D:6      | Shot with an arrow by a centaur

Vault maps used:
D:1:      lemuel_arrival_hallway, hangedman_decor_push
D:2:      nemelex_xobeh_ov_fountains_minmay, chequers_ecumenical_altar_island,
          grunt_qazlal_clouds, uniq_robin
D:3:      lemuel_crystal_altar, grunt_temple_overflow_open,
          amethyst_overflow_temple_binary, first_ration,
          minmay_misc_feat_plants, okawaru_gym_becter, uniq_crazy_yiuf_cottage
D:4:      nicolae_overflow_crystal_walls, grunt_ministairs_3, kennysheep_donut,
          kennysheep_cross_room, lightli_corner_chamber
D:5:      lemuel_coloured_pillars_altar, temple_statues, serial_shops,
          shop_coins, uniq_grinder, uniq_edmund
D:6:      serial_shops, nicolae_shop_stone

Skill      XL: |  1  2  3  4  5  6 |
---------------+-------------------+-----
Armour         | 1 2 |  2.2
Long Blades    | 2 3 |  3.0
Dodging        | 2 3 |  3.0
Invocations    | 1 2 |  2.1
Fighting       | 3 |  3.2
Throwing       | |  0.7
Spellcasting   | |  2.6
Translocations | |  2.4

Action                   |  1- 3 |  4- 6 || total
-------------------------+-------+-------++-------
Melee: Falchion          |   123 |   285 ||   408
Throw: Tomahawk          |     2 |     2 ||     4
  Use: Scroll            |     1 |     1 ||     2
Armor: Leather armour    |     4 |       ||     4
       Ring mail         |    37 |   102 ||   139
Dodge: Dodged            |    81 |   194 ||   275
       Rpst.: Falchion   |    28 |    57 ||    85

Table legend:
 A = Non-vault XP
 B = Vault XP
 C = Vault XP percentage of total XP
 D = Non-vault monster count
 E = Vault monster count
 F = Vault count percentage of total count
                 A         B        C        D         E       F
            +---------+---------+-------+---------+---------+-------
      Total |     460 |      28 |   5.7 |      83 |       9 |   9.8
            +---------+---------+-------+---------+---------+-------
        D:1 |      16 |       0 |   0.0 |       9 |       0 |   0.0
        D:2 |     124 |      27 |  17.9 |      28 |       8 |  22.2
        D:3 |     168 |       0 |   0.0 |      30 |       0 |   0.0
        D:4 |     141 |       1 |   0.7 |      11 |       1 |   8.3
        D:6 |      11 |       0 |   0.0 |       5 |       0 |   0.0
            +---------+---------+-------+---------+---------+-------
